cohdb
Replays
Latest Replays
All Replays
Popular Replays
Top Player Replays
Match Explorer
How It Works
Community
CoH3 Stats
Reddit
Sign in to upload your games and track your stats! →
Sign in with Steam
Reakly vs Dexn 10 min blitzkrieg for USF
Match 25955750
Overview
Messages
Build Orders
End
Construct Barracks
Selects Armored Battlegroup
Selects Veteran Crews
Riflemen Squad
Riflemen Squad
Riflemen Squad
Grenade Package
Infantry Support Center
M1 Mortar Team
Construct Medical Station
Construct Motor Pool
Selects Fast Deploy
M8 Greyhound Armored Car
M1 Anti-tank Gun Team
Reakly
DexN
0
0
Comments
sign in to comment!
No comments posted yet!